PAAA
BRINKLEY BELUGAS @ BALTIMORE BLACK SOX
08/21/2035
 
TOP OF THE 1ST
Brinkley Belugas batting - Pitching for Baltimore Black Sox : RHP Tomás Huesca
Pitching: RHP Tomás Huesca
Batting: SHB Vicente Romero 0-0: Ball
1-0: Called Strike
1-1: Fly out, F8 (Flyball, 89D)
Batting: RHB Rio Clark 0-0: Ball
1-0: Called Strike
1-1: Fly out, F6 (Line Drive, 6)
Batting: RHB Noah Bushby 0-0: Ball
1-0: Foul Ball, location: 2F
1-1: Fly out, F8 (Flyball, 8LM)
Top of the 1st over - 0 runs, 0 hits, 0 errors, 0 left on base; Brinkley 0 - Baltimore 0
BOTTOM OF THE 1ST
Baltimore Black Sox batting - Pitching for Brinkley Belugas : LHP Gertjan van Hulst
Pitching: LHP Gertjan van Hulst
Batting: RHB Mario Álvarez 0-0: DOUBLE (Line Drive, 7LS)
Batting: LHB William O'Keefe 0-0: Foul Ball, location: 2F
0-1: Ground out U3 (Groundball, 3)
Mario Álvarez to third
Batting: RHB Jeb Sexton 0-0: Ball
1-0: Foul Ball, location: 2F
1-1: Foul Ball, location: 2F
1-2: Hit by Pitch
Batting: RHB Peter Heard 0-0: Ball
1-0: Called Strike
1-1: Swinging Strike
1-2: Foul Ball, location: 2F
1-2: Ball
2-2: Ball
3-2: Foul Ball, location: 2F
3-2: Base on Balls
Jeb Sexton to second
Batting: RHB Felix Plugge 0-0: Fly out, F8 (Flyball, 8LM)
Runner from 3rd tags up, SCORES, throw made
Batting: RHB Kyle Vandenbrink 0-0: Ball
1-0: Called Strike
1-1: Foul Ball, location: 2F
1-2: Strikes out looking
Bottom of the 1st over - 1 run, 1 hit, 0 errors, 2 left on base; Brinkley 0 - Baltimore 1
TOP OF THE 2ND
Brinkley Belugas batting - Pitching for Baltimore Black Sox : RHP Tomás Huesca
Batting: SHB Melito Báez 0-0: Called Strike
0-1: Ball
1-1: SINGLE (Line Drive, 89S)
Batting: SHB Augusto Trejo 0-0: Ball
1-0: Called Strike
1-1: Foul Ball, location: 2F
1-2: Fly out, F6 (Flyball, 6D)
Batting: RHB Jouo Hirschovits 0-0: Called Strike
0-1: Called Strike
0-2: Ball
1-2: Foul Ball, location: 2F
1-2: Foul Ball, location: 2F
1-2: Ball
2-2: Ball
3-2: Grounds into double play, 6-4-3 (Groundball, 6)
Top of the 2nd over - 0 runs, 1 hit, 0 errors, 0 left on base; Brinkley 0 - Baltimore 1
BOTTOM OF THE 2ND
Baltimore Black Sox batting - Pitching for Brinkley Belugas : LHP Gertjan van Hulst
Batting: RHB Jean Lechuga 0-0: Foul Ball, location: 2F
0-1: Ball
1-1: Ball
2-1: Ball
3-1: Fly out, F9 (Flyball, 9)
Batting: RHB Lee Storment 0-0: Ball
1-0: Ball
2-0: Ball
3-0: Base on Balls
Batting: LHB Marcos Costa 0-0: Ball
1-0: Foul Ball, location: 2F
1-1: Called Strike
1-2: Ball
2-2: Ball
3-2: SINGLE (Line Drive, 4MD)
Lee Storment to second
Batting: RHB Mario Álvarez 0-0: Ball
1-0: Fly out, F7 (Flyball, 78D)
Batting: LHB William O'Keefe 0-0: Ball
1-0: Foul Ball, location: 2F
1-1: Foul Ball, location: 2F
1-2: Ball
2-2: SINGLE (Line Drive, 89S)
Lee Storment to third
Marcos Costa to second
Runner from 3rd tries for Home, SAFE, no throw
Batting: RHB Jeb Sexton 0-0: Ball
1-0: Ball
2-0: Ball
3-0: Base on Balls
Marcos Costa to third
William O'Keefe to second
Batting: RHB Peter Heard 0-0: Swinging Strike
0-1: Swinging Strike
0-2: Strikes out swinging
Bottom of the 2nd over - 1 run, 2 hits, 0 errors, 3 left on base; Brinkley 0 - Baltimore 2
TOP OF THE 3RD
Brinkley Belugas batting - Pitching for Baltimore Black Sox : RHP Tomás Huesca
Batting: SHB Jorge Colón 0-0: Foul Ball, location: 2F
0-1: Foul Ball, location: 2F
0-2: Foul Ball, location: 2F
0-2: Ball
1-2: DOUBLE (Flyball, 89D)
Batting: SHB Júlio González 0-0: Foul Ball, location: 2F
0-1: Swinging Strike
0-2: Ball
1-2: Strikes out swinging
Batting: RHB Oscar Gandarilla 0-0: Called Strike
0-1: Foul Ball, location: 2F
0-2: Ball
1-2: Ball
2-2: Ball
3-2: Ground out 3-1 (Groundball, 34)
Jorge Colón to third
Batting: SHB Vicente Romero 0-0: Ground out 4-3 (Groundball, 4M)
Top of the 3rd over - 0 runs, 1 hit, 0 errors, 1 left on base; Brinkley 0 - Baltimore 2
BOTTOM OF THE 3RD
Baltimore Black Sox batting - Pitching for Brinkley Belugas : LHP Gertjan van Hulst
Batting: RHB Felix Plugge 0-0: Called Strike
0-1: Fly out, F8 (Flyball, 8LS)
Batting: RHB Kyle Vandenbrink 0-0: Called Strike
0-1: Ball
1-1: Called Strike
1-2: Strikes out swinging
Batting: RHB Jean Lechuga 0-0: Ball
1-0: TRIPLE (Groundball, 3L)
Batting: RHB Lee Storment 0-0: Fly out, F5 (Popup, 5)
Bottom of the 3rd over - 0 runs, 1 hit, 0 errors, 1 left on base; Brinkley 0 - Baltimore 2
TOP OF THE 4TH
Brinkley Belugas batting - Pitching for Baltimore Black Sox : RHP Tomás Huesca
Batting: RHB Rio Clark 0-0: Ball
1-0: Ball
2-0: Swinging Strike
2-1: Swinging Strike
2-2: Foul Ball, location: 2F
2-2: Foul Ball, location: 2F
2-2: Strikes out swinging
Batting: RHB Noah Bushby 0-0: Ball
1-0: Ball
2-0: Called Strike
2-1: Fly out, F3 (Popup, 3SF)
Batting: SHB Melito Báez 0-0: Foul Ball, location: 2F
0-1: Called Strike
0-2: Ball
1-2: Ball
2-2: Ball
3-2: Strikes out swinging
Top of the 4th over - 0 runs, 0 hits, 0 errors, 0 left on base; Brinkley 0 - Baltimore 2
BOTTOM OF THE 4TH
Baltimore Black Sox batting - Pitching for Brinkley Belugas : LHP Gertjan van Hulst
Batting: LHB Marcos Costa 0-0: Ball
1-0: SINGLE (Groundball, 34D)
Batting: RHB Mario Álvarez 0-0: Ball
1-0: Ball
2-0: Foul Ball, location: 2F
2-1: Foul Ball, location: 2F
2-2: Fly out, F8 (Flyball, 89M)
Batting: LHB William O'Keefe 0-0: Ball
1-0: Ball
2-0: Ball
3-0: 2-RUN HOME RUN (Flyball, 89XD), Distance : 402 ft
Batting: RHB Jeb Sexton 0-0: Ground out 4-3 (Groundball, 4)
Batting: RHB Peter Heard 0-0: Ground out U3 (Groundball, 34)
Bottom of the 4th over - 2 runs, 2 hits, 0 errors, 0 left on base; Brinkley 0 - Baltimore 4
TOP OF THE 5TH
Brinkley Belugas batting - Pitching for Baltimore Black Sox : RHP Tomás Huesca
Batting: SHB Augusto Trejo 0-0: Ball
1-0: Ball
2-0: Foul Ball, location: 2F
2-1: SINGLE (Groundball, 34D)
Batting: RHB Jouo Hirschovits 0-0: Ball
1-0: Fly out, F6 (Line Drive, 6M)
Batting: SHB Jorge Colón 0-0: Called Strike
0-1: Called Strike
0-2: Ball
1-2: Fly out, F9 (Flyball, 9LMF)
Batting: SHB Júlio González 0-0: Ball
1-0: Called Strike
1-1: Ball
2-1: Ground out 4-3 (Groundball, 4)
Top of the 5th over - 0 runs, 1 hit, 0 errors, 1 left on base; Brinkley 0 - Baltimore 4
BOTTOM OF THE 5TH
Baltimore Black Sox batting - Pitching for Brinkley Belugas : LHP Gertjan van Hulst
Batting: RHB Felix Plugge 0-0: Ball
1-0: Called Strike
1-1: Ball
2-1: Ground out 4-3 (Groundball, 4)
Batting: RHB Kyle Vandenbrink 0-0: Ball
1-0: Ball
2-0: Ball
3-0: Base on Balls
Batting: RHB Jean Lechuga 0-0: Called Strike
0-1: Foul Ball, location: 2F
0-2: Ball
1-2: Fly out, F7 (Flyball, 7)
Pitching: RHP Rafael Bernal
Batting: RHB Lee Storment 0-0: Ball
1-0: Foul Ball, location: 2F
1-1: Ball
2-1: SINGLE (Line Drive, 9S)
Kyle Vandenbrink to second
Runner from 2nd tries for 3rd, SAFE, no throw
Batting: LHB Marcos Costa 0-0: Called Strike
0-1: Foul Ball, location: 2F
0-2: Fly out, F8 (Flyball, 8RM)
Bottom of the 5th over - 0 runs, 1 hit, 0 errors, 2 left on base; Brinkley 0 - Baltimore 4
TOP OF THE 6TH
Brinkley Belugas batting - Pitching for Baltimore Black Sox : RHP Tomás Huesca
Batting: RHB Oscar Gandarilla 0-0: Ball
1-0: Called Strike
1-1: Ball
2-1: Ball
3-1: Swinging Strike
3-2: Strikes out swinging
Batting: SHB Vicente Romero 0-0: Ball
1-0: Ball
2-0: Foul Ball, location: 2F
2-1: Ball
3-1: Called Strike
3-2: Ground out 4-3 (Groundball, 4)
Batting: RHB Rio Clark 0-0: Ball
1-0: Called Strike
1-1: SINGLE (Line Drive, 78S)
Batting: RHB Noah Bushby 0-0: Ball
1-0: Ball
2-0: Foul Ball, location: 2F
2-1: Fly out, F7 (Flyball, 7LS)
Top of the 6th over - 0 runs, 1 hit, 0 errors, 1 left on base; Brinkley 0 - Baltimore 4
BOTTOM OF THE 6TH
Baltimore Black Sox batting - Pitching for Brinkley Belugas : RHP Rafael Bernal
Batting: RHB Mario Álvarez 0-0: Called Strike
0-1: SINGLE (Groundball, 6D)
Batting: LHB William O'Keefe 0-0: Ball
1-0: Grounds into double play, 6-4-3 (Groundball, 6)
Batting: RHB Jeb Sexton 0-0: Foul Ball, location: 2F
0-1: Ball
1-1: Ball
2-1: Ground out 5-3 (Groundball, 5)
Bottom of the 6th over - 0 runs, 1 hit, 0 errors, 0 left on base; Brinkley 0 - Baltimore 4
TOP OF THE 7TH
Brinkley Belugas batting - Pitching for Baltimore Black Sox : RHP Tomás Huesca
Pitching: RHP Rafael García
Batting: SHB Melito Báez 0-0: Ball
1-0: Ball
2-0: SINGLE (Groundball, 56D)
Batting: SHB Augusto Trejo 0-0: Ball
1-0: Fielders Choice at 2nd, 1-6 (Groundball, P)
Batting: RHB Jouo Hirschovits 0-0: Called Strike
0-1: SINGLE (Popup, 56S)
Augusto Trejo to second
Batting: SHB Jorge Colón 0-0: Foul Ball, location: 2F
0-1: 3-RUN HOME RUN (Line Drive, 9LD), Distance : 361 ft
Pitching: LHP Sergio Hernández
Batting: SHB Júlio González 0-0: Fly out, F8 (Flyball, 8LS)
Batting: RHB Oscar Gandarilla 0-0: Fly out, F3 (Popup, 3SF)
Top of the 7th over - 3 runs, 3 hits, 0 errors, 0 left on base; Brinkley 3 - Baltimore 4
BOTTOM OF THE 7TH
Baltimore Black Sox batting - Pitching for Brinkley Belugas : RHP Rafael Bernal
Batting: RHB Peter Heard 0-0: Ball
1-0: Ball
2-0: Foul Ball, location: 2F
2-1: Ball
3-1: DOUBLE (Line Drive, 7LM)
Batting: RHB Felix Plugge 0-0: Intentional Walk
Batting: RHB Kyle Vandenbrink 0-0: Bunt missed!
0-1: Bunt - Flyout! F3
Batting: RHB Jean Lechuga 0-0: Ball
1-0: Fly out, F3 (Popup, 3SF)
Pinch Hitting: RHB Xi-ku See-to 0-0: Ball
1-0: Ball
2-0: Called Strike
2-1: Foul Ball, location: 2F
2-2: Fielders Choice at 2nd, 6-4 (Groundball, 6)
Bottom of the 7th over - 0 runs, 1 hit, 0 errors, 2 left on base; Brinkley 3 - Baltimore 4
TOP OF THE 8TH
Brinkley Belugas batting - Pitching for Baltimore Black Sox : LHP Sergio Hernández
Now in RF: Xi-ku See-to
Batting: SHB Vicente Romero 0-0: Foul Ball, location: 2F
0-1: Swinging Strike
0-2: Ball
1-2: Strikes out swinging
Batting: RHB Rio Clark 0-0: Ball
1-0: Ball
2-0: Called Strike
2-1: Fly out, F9 (Flyball, 9D)
Batting: RHB Noah Bushby 0-0: Called Strike
0-1: Ball
1-1: Ball
2-1: SINGLE (Flyball, 78S)
Pinch Runner at 1st Alan Bryan:
Batting: SHB Melito Báez 0-0: Ball
Wild Pitch!
Alan Bryan to second
1-0: Ground out 6-3 (Groundball, 6S)
Top of the 8th over - 0 runs, 1 hit, 0 errors, 1 left on base; Brinkley 3 - Baltimore 4
BOTTOM OF THE 8TH
Baltimore Black Sox batting - Pitching for Brinkley Belugas : RHP Rafael Bernal
Batting: LHB Marcos Costa 0-0: Called Strike
0-1: Ball
1-1: Fly out, F8 (Flyball, 8LS)
Batting: RHB Mario Álvarez 0-0: Called Strike
0-1: Foul Ball, location: 2F
0-2: Ball
1-2: Ball
2-2: DOUBLE (Groundball, 5L)
Pinch Runner at 2nd Alex Mable:
Batting: LHB William O'Keefe 0-0: Intentional Walk
Batting: RHB Jeb Sexton 0-0: Called Strike
0-1: SINGLE (Groundball, 56D)
Alex Mable to third
William O'Keefe to second
Runner from 3rd tries for Home, SAFE, no throw
Batting: RHB Peter Heard 0-0: Swinging Strike
0-1: Swinging Strike
0-2: Ball
1-2: Ball
2-2: Fly out, F5 (Line Drive, 56)
Batting: RHB Felix Plugge 0-0: Ball
1-0: Called Strike
1-1: Foul Ball, location: 2F
1-2: Ball
2-2: Foul Ball, location: 2F
2-2: Fly out, F1 (Line Drive, 13)
Bottom of the 8th over - 1 run, 2 hits, 0 errors, 2 left on base; Brinkley 3 - Baltimore 5
TOP OF THE 9TH
Brinkley Belugas batting - Pitching for Baltimore Black Sox : LHP Sergio Hernández
Pitching: RHP Juan Hernández
Now at 3B: Alex Mable
Batting: SHB Augusto Trejo 0-0: Foul Ball, location: 2F
0-1: SINGLE (Groundball, 56D)
Pinch Hitting: LHB Roberto Sánchez 0-0: Foul Ball, location: 2F
0-1: Ball
1-1: Foul Ball, location: 2F
1-2: Fielders Choice at 2nd, 1-6 (Groundball, 13)
Pinch Hitting: LHB Chris McKinney 0-0: Called Strike
0-1: Ball
1-1: Swinging Strike
1-2: Foul Ball, location: 2F
1-2: Foul Ball, location: 2F
1-2: Ball
2-2: Ball
3-2: Strikes out swinging
Roberto Sánchez steals 2nd base
Batter strikes out.
Batting: SHB Júlio González 0-0: Foul Ball, location: 2F
0-1: SINGLE (Line Drive, 56D)
Roberto Sánchez to third
Pinch Hitting: RHB Craig Beach 0-0: Ball
1-0: Called Strike
1-1: Called Strike
1-2: SINGLE (Groundball, 34) (infield hit)
Roberto Sánchez scores
Júlio González to second
Batting: SHB Vicente Romero 0-0: Called Strike
0-1: Fly out, F8 (Flyball, 8LD)
Top of the 9th over - 1 run, 3 hits, 0 errors, 2 left on base; Brinkley 4 - Baltimore 5
Friday, July 19th, 2019 - OOTP Baseball 20.5 Build 52